Map: Terrasses de Prion

Players

Swarm

  • Race: Zerg Zerg
  • League: Silver
  • Spawn Location: 5:00

zidar - Winner!

  • Race: Zerg Zerg
  • League: Silver
  • Spawn Location: 11:00

VOD

Have the link to the VOD?

Description

Time

  • Played on: Nov. 29, 2015, 11:46 a.m.
  • Length: 7:43
Show
View Real Time Build Order
Export as new Build Order

Swarm Zerg 

Build Orders: Hatch First 

Get SALT Encoding   

  12  0:03  Drone  
  13  0:12  Drone  
  14  0:18  Overlord  
  14  0:37  Drone x3  
  17  0:54  Hatchery  
  16  1:08  Spawning Pool  
  16  1:10  Drone  
  16  1:16  Extractor  
  15  1:21  Drone x2  
  17  1:31  Drone  
  18  1:56  Zergling x6  
  21  2:06  Queen  
  23  2:08  Overlord  
  23  2:10  Queen  
  25  2:27  Drone  
  26  2:30  Drone x3  
  29  2:42  Drone x2  
  31  2:48  Drone  
  32  2:51  Metabolic Boost  
  32  2:53  Drone  
  32  2:55  Drone  
  34  3:16  Drone x2  
  36  3:22  Extractor  
  36  3:24  Roach Warren  
  36  3:25  Overlord  
  36  3:26  Overlord  
  34  3:27  Drone  
  35  3:37  Overlord  
  35  3:43  Queen  
  37  4:16  Roach x3  
  46  4:17  Roach x4  
  46  4:18  Roach x3  
  46  4:19  Drone  
  46  4:20  Drone x2  
  46  4:24  Overlord  
  59  4:31  Lair  
  59  4:44  Extractor  
  58  5:04  Drone x3  
  61  5:11  Queen  
  63  5:26  Roach  
  63  5:27  Roach  
  67  5:28  Overlord  
  67  5:29  Overlord x4  
  67  5:32  Overlord  
  67  5:46  Glial Reconstitution  
  67  5:57  Extractor  
  67  6:01  Roach  
  67  6:02  Roach x8  
  83  6:13  Roach x4  
  83  6:14  Roach  
  93  6:35  Overseer x2  
  93  6:47  Drone  
  93  6:48  Drone x4  
  97  7:00  Hatchery  
  88  7:04  Roach  
  88  7:05  Roach x6  
  100  7:20  Roach x6  
Show
View Real Time Build Order
Export as new Build Order

zidar Zerg - Winner!

Build Orders: Hatch First 

Get SALT Encoding   

  12  0:01  Drone  
  13  0:11  Drone  
  14  0:17  Overlord  
  14  0:21  Extractor  
  14  0:24  Drone  
  15  0:35  Drone x2  
  17  0:44  Drone  
  18  1:00  Hatchery  
  18  1:01  Drone  
  18  1:16  Spawning Pool  
  17  1:20  Drone  
  17  1:21  Extractor  
  17  1:23  Drone  
  18  1:38  Overlord  
  18  1:40  Drone  
  19  1:53  Drone  
  20  2:03  Queen  
  22  2:09  Drone  
  22  2:13  Queen  
  25  2:17  Drone x2  
  27  2:24  Baneling Nest  
  26  2:38  Drone x4  
  30  2:48  Metabolic Boost  
  30  3:11  Roach Warren  
  29  3:14  Extractor  
  29  3:15  Drone x3  
  31  3:36  Evolution Chamber  
  30  4:02  Roach x3  
  36  4:06  Overlord x3  
  36  4:20  Zerg Missile Weapons Level 1  
  36  4:24  Roach x4  
  36  4:25  Roach  
  36  4:26  Roach x2  
  36  4:27  Roach  
  52  4:55  Roach  
  52  4:56  Roach x3  
  60  5:01  Overlord, Extractor  
  60  5:02  Overlord  
  59  5:33  Roach  
  59  5:34  Roach x6  
  73  5:38  Overlord x3  
  73  5:49  Roach  
  75  6:00  Roach x5  
  85  6:19  Roach  
  85  6:20  Roach x4  
  95  6:44  Roach  
  95  6:45  Roach  
  99  6:49  Overlord  
  99  6:50  Overlord x2  
Tags
 
Add a new tag
Caveats
  • Supply blocks, unpowered buildings, or Contaminate may cause inaccurate times.
  • Supply counts are checked every 10 seconds.